Map: Dusty Gorge

Players

OpuS - Winner!

  • Race: Protoss Protoss
  • League: Platinum
  • Spawn Location: 5:00

Sketchaphone - Winner!

  • Race: Zerg Zerg
  • League: Platinum
  • Spawn Location: 3:00

IIIIIIIII

  • Race: Protoss Protoss
  • Spawn Location: 9:00

Aela

  • Race: Zerg Zerg
  • Spawn Location: 11:00

VOD

Have the link to the VOD?

Description

Time

  • Played on: Feb. 13, 2019, 8:24 p.m.
  • Length: 11:24
Show
View Real Time Build Order
Export as new Build Order

OpuS Protoss - Winner!

Build Orders: Oracle Opening, Carriers 

Get SALT Encoding   

  12  0:01  Probe  
  13  0:13  Probe  
  14  0:20  Pylon  
  14  0:25  Probe  
  15  0:38  Probe  
  16  0:45  Gateway  
  16  0:48  Probe  
  16  0:51  Assimilator  
  16  0:56  Probe  
  18  1:04  Probe  
  19  1:16  Probe  
  20  1:27  Probe  
  21  1:33  Cybernetics Core  
  21  1:36  Probe  
  22  1:48  Nexus  
  22  1:57  Pylon  
  22  1:59  Probe  
  23  2:03  Assimilator  
  23  2:15  Warp Gate  
  23  2:17  Probe  
  24  2:23  Zealot  
  26  2:30  Shield Battery  
  26  2:39  Stargate  
  26  2:50  Zealot  
  28  3:01  Gateway  
  28  3:04  Gateway  
  28  3:07  Probe  
  28  3:10  Probe  
  30  3:19  Probe  
  30  3:22  Probe  
  30  3:24  Oracle  
  30  3:26  Zealot  
  36  3:31  Probe  
  36  3:34  Pylon, Probe  
  38  3:43  Probe  
  38  3:46  Probe  
  40  3:51  Gateway  
  40  4:11  Probe x2  
  40  4:12  Zealot x3  
  40  4:16  Twilight Council  
  48  4:23  Probe x2  
  49  4:53  Probe x2, Charge  
  51  5:00  Gateway  
  51  5:04  Gateway  
  51  5:05  Probe  
  51  5:06  Probe  
  53  5:08  Gateway  
  53  5:11  Gateway  
  51  5:17  Probe  
  51  5:18  Probe  
  51  5:20  Zealot  
  47  5:51  Zealot  
  47  5:52  Zealot x2, Pylon  
  47  5:54  Pylon  
  51  5:57  Pylon  
  51  5:58  Probe x2, Fleet Beacon  
  51  6:01  Assimilator  
  53  6:05  Assimilator  
  53  6:10  Probe  
  54  6:11  Zealot x2  
  54  6:12  Zealot x3  
  54  6:13  Zealot  
  54  6:14  Zealot x2  
  70  6:22  Pylon  
  70  6:25  Pylon  
  70  6:27  Pylon  
  70  6:30  Probe x2  
  72  6:46  Nexus  
  72  6:47  Pylon  
  50  7:04  Carrier  
  52  7:14  Stargate  
  56  7:16  Assimilator  
  56  7:19  Zealot x5  
  56  7:20  Zealot  
  56  7:21  Assimilator  
  56  7:22  Zealot  
  70  7:25  Zealot  
  72  7:33  Robotics Facility  
  70  7:37  Forge  
  70  7:39  Probe  
  70  7:40  Probe  
  72  7:47  Carrier  
  72  7:52  Probe x2  
  80  8:00  Probe  
  80  8:04  Probe  
  82  8:13  Probe  
  82  8:14  Probe  
  82  8:17  Carrier  
  84  8:25  Probe x2  
  92  8:28  Zealot  
  92  8:29  Zealot  
  96  8:40  Probe x3  
  99  8:48  Stargate  
  99  8:52  Protoss Air Weapons Level 1, Probe x3  
  102  8:56  Carrier  
  102  9:08  Probe x2  
  102  9:09  Probe  
  109  9:20  Probe  
  110  9:26  Carrier  
  110  9:28  Photon Cannon  
  110  9:30  Photon Cannon  
  110  9:32  Pylon  
  110  9:33  Photon Cannon  
  116  9:40  Carrier  
  108  9:56  Pylon  
  108  9:58  Pylon  
  108  10:00  Photon Cannon  
  108  10:02  Pylon  
  108  10:03  Photon Cannon  
  108  10:11  Carrier  
  114  10:29  Photon Cannon  
  114  10:31  Photon Cannon  
  114  10:33  Photon Cannon  
  120  10:45  Stargate  
  104  11:07  Stalker x2  
  104  11:08  Stalker  
  116  11:12  Nexus  
Show
View Real Time Build Order
Export as new Build Order

Sketchaphone Zerg - Winner!

Build Orders: Hatch First 

Get SALT Encoding   

  12  0:01  Drone  
  13  0:14  Overlord  
  13  0:18  Drone  
  14  0:27  Drone, Extractor  
  15  0:37  Drone x2  
  17  1:04  Drone, Extractor  
  18  1:05  Hatchery  
  18  1:07  Drone  
  17  1:23  Spawning Pool, Drone  
  17  1:27  Drone  
  18  1:34  Drone  
  20  1:40  Drone  
  20  1:52  Overlord  
  20  2:11  Metabolic Boost  
  20  2:15  Evolution Chamber  
  19  2:22  Zergling x2  
  20  2:24  Zergling x2  
  20  2:26  Queen  
  20  2:27  Queen  
  20  2:28  Zergling x2  
  26  2:30  Zergling x2  
  26  2:33  Drone  
  28  2:44  Zerg Melee Weapons Level 1  
  28  2:58  Zergling x2  
  29  2:59  Overlord, Zergling x2  
  29  3:02  Zergling x2  
  29  3:04  Drone x2  
  33  3:11  Baneling Nest  
  32  3:17  Zergling x2  
  33  3:22  Overlord  
  33  3:23  Zergling x2  
  33  3:25  Zergling x2  
  35  3:32  Zergling x4  
  37  3:49  Zergling x4  
  37  3:51  Drone  
  37  3:52  Overlord  
  37  3:53  Drone  
  38  4:11  Drone  
  38  4:13  Zergling x4  
  38  4:16  Queen  
  43  4:27  Roach Warren  
  37  4:49  Drone x3  
  37  4:51  Zergling x4  
  37  4:52  Baneling x4  
  40  4:57  Drone x2  
  40  5:02  Overlord  
  39  5:10  Roach, Zerg Ground Armor Level 1  
  39  5:11  Roach  
  39  5:13  Drone  
  44  5:26  Drone x2  
  44  5:27  Drone x3  
  49  5:31  Drone  
  50  5:35  Drone  
  50  5:36  Drone  
  50  5:37  Overlord  
  52  5:47  Drone x2  
  54  5:54  Hatchery  
  53  5:59  Overlord, Queen  
  53  6:00  Drone  
  53  6:03  Extractor  
  53  6:04  Lair, Extractor  
  54  6:16  Zergling x10  
  54  6:17  Roach  
  61  6:23  Roach x3  
  61  6:24  Overlord  
  67  6:28  Extractor  
  66  6:33  Overlord  
  66  6:37  Overlord  
  66  6:42  Overlord x2  
  66  6:47  Roach  
  66  6:50  Overlord  
  68  7:10  Roach x5  
  76  7:24  Roach  
  76  7:25  Roach x4  
  76  7:28  Drone x3  
  81  7:38  Overseer  
  81  7:49  Queen  
  81  7:50  Overlord, Drone  
  81  7:51  Drone  
  81  7:56  Roach x2, Zergling x2  
  80  8:09  Roach  
  80  8:10  Roach x6  
  91  8:15  Roach x3  
  97  8:22  Drone  
  97  8:23  Drone  
  99  8:31  Overlord  
  99  8:37  Evolution Chamber  
  99  8:38  Drone x3  
  101  8:44  Ravager x2  
  101  8:45  Ravager x2  
  101  8:48  Roach x3  
  111  8:50  Drone  
  111  8:54  Hatchery  
  107  9:29  Roach x8  
  106  9:42  Roach x8  
  111  9:47  Pneumatized Carapace  
  111  9:52  Hydralisk Den  
  97  9:59  Spore Crawler x2  
  95  10:01  Spore Crawler  
  94  10:14  Overlord x2  
  94  10:20  Overseer  
  94  10:28  Zergling x26  
  104  10:38  Spore Crawler x2  
  101  10:42  Spore Crawler  
  101  10:43  Drone x4  
Show
View Real Time Build Order
Export as new Build Order

IIIIIIIII Protoss 

Build Orders: Zealot Archon 

Get SALT Encoding   

  12  0:01  Probe  
  13  0:16  Pylon  
  13  0:19  Probe  
  14  0:33  Probe  
  15  0:44  Probe  
  16  0:50  Gateway  
  16  0:52  Probe  
  17  1:00  Probe  
  17  1:03  Assimilator  
  18  1:12  Probe  
  19  1:20  Probe  
  19  1:23  Gateway  
  20  1:28  Probe  
  21  1:41  Cybernetics Core  
  21  1:42  Probe  
  22  2:00  Nexus  
  22  2:07  Probe  
  23  2:11  Pylon  
  23  2:16  Assimilator  
  23  2:19  Warp Gate  
  23  2:29  Probe  
  24  2:38  Stalker x2  
  24  2:41  Probe  
  29  2:53  Gateway  
  29  2:56  Shield Battery  
  29  3:10  Forge  
  29  3:14  Probe x2  
  29  3:19  Adept  
  33  3:26  Pylon  
  33  3:48  Probe  
  33  3:49  Probe  
  33  3:55  Pylon, Photon Cannon  
  35  4:01  Probe x2  
  37  4:05  Pylon  
  37  4:08  Gateway  
  37  4:16  Twilight Council  
  37  4:32  Zealot  
  37  4:33  Zealot x2  
  26  4:47  Photon Cannon  
  23  5:04  Adept  
  25  5:10  Adept  
  21  5:20  Zealot  
  21  5:27  Probe  
  22  5:33  Photon Cannon  
  18  5:55  Probe x2  
  18  6:03  Probe x2  
  22  6:12  Probe  
  22  6:13  Probe  
  24  6:21  Templar Archives  
  24  6:24  Probe  
  25  6:26  Pylon  
  25  6:39  Probe x2  
  27  6:49  Shield Battery  
  27  6:59  High Templar x4  
  35  7:03  Archon x2  
  35  7:43  Probe  
  36  7:48  Zealot x4  
  40  8:13  Psionic Storm  
  40  8:14  Charge  
  34  8:33  Robotics Facility  
  34  8:37  Zealot x4  
  34  8:38  Probe  
  43  8:41  Assimilator  
  43  8:46  Gateway  
  43  8:47  Gateway  
  43  8:49  Photon Cannon  
  43  8:50  Probe  
  44  9:01  Zealot x4  
  52  9:16  Probe, Immortal  
  52  9:17  Probe  
  52  9:22  Assimilator  
  54  9:24  Probe  
  54  9:25  Probe  
  48  9:49  Stalker  
  48  9:50  Stalker  
  50  10:03  High Templar x2  
  50  10:04  High Templar  
  56  10:28  Probe x2  
  54  10:40  Probe  
  55  10:46  Stargate  
  55  10:48  Stargate  
  53  10:58  Zealot x3  
  53  10:59  Zealot x3  
Show
View Real Time Build Order
Export as new Build Order

Aela Zerg 

Build Orders: Hatch First, Muta Ling Bane 

Get SALT Encoding   

  12  0:01  Drone  
  13  0:12  Drone  
  14  0:36  Hatchery  
  14  0:42  Drone  
  14  0:59  Overlord  
  14  1:17  Drone  
  14  1:18  Drone x2  
  17  1:21  Extractor  
  16  1:26  Spawning Pool  
  15  1:56  Drone  
  15  1:57  Drone x3  
  19  2:06  Drone  
  20  2:11  Hatchery  
  21  2:25  Metabolic Boost  
  21  2:29  Queen  
  21  2:38  Drone  
  21  2:41  Drone  
  21  2:42  Drone  
  24  2:49  Zergling x4  
  26  2:52  Zergling x2  
  27  2:59  Baneling Nest  
  26  3:14  Spine Crawler  
  26  3:15  Zergling x6  
  28  3:27  Queen  
  28  3:32  Zergling x4  
  32  3:44  Baneling x6  
  32  3:47  Drone x2  
  34  4:19  Overlord x2  
  33  4:37  Queen  
  35  4:39  Drone x7  
  35  4:40  Drone x3  
  45  4:54  Drone x4  
  49  5:02  Spore Crawler  
  49  5:03  Spore Crawler, Drone  
  49  5:04  Drone  
  49  5:32  Overlord x3  
  49  5:33  Lair  
  48  5:48  Extractor  
  48  5:49  Drone  
  48  5:55  Roach Warren, Drone x7  
  54  5:57  Evolution Chamber x2  
  54  5:58  Extractor  
  54  6:04  Drone x6  
  57  6:16  Drone x3  
  57  6:17  Drone x4  
  57  6:18  Drone x2  
  66  6:26  Zerg Missile Weapons Level 1  
  66  6:27  Zerg Ground Armor Level 1  
  66  6:36  Baneling  
  66  6:37  Baneling x8  
  66  6:49  Extractor  
  52  7:07  Zergling x6  
  52  7:08  Zergling x28  
  69  7:15  Spire  
  68  7:24  Queen  
  66  7:51  Hatchery  
  66  7:52  Overlord x5  
  66  7:54  Glial Reconstitution  
  61  8:07  Hatchery  
  55  8:26  Zerg Melee Weapons Level 1  
  55  8:30  Baneling  
  55  8:31  Baneling x11  
  55  8:41  Mutalisk  
  55  8:42  Mutalisk x4  
  65  8:51  Zergling x2  
  65  8:52  Zergling x12  
  65  8:54  Centrifical Hooks  
  72  9:09  Spine Crawler  
  70  9:10  Spine Crawler  
  69  9:19  Mutalisk x3  
  75  9:31  Mutalisk  
  69  9:45  Mutalisk x2  
  68  10:04  Extractor  
  68  10:05  Hatchery  
  66  10:10  Extractor  
  66  10:12  Zergling x2  
  66  10:13  Zergling x16  
  53  10:55  Hydralisk Den  
  52  11:00  Zergling x14  
  52  11:01  Zergling x14  
Tags
 
Add a new tag
Caveats
  • Supply blocks, unpowered buildings, or Contaminate may cause inaccurate times.
  • Supply counts are checked every 10 seconds.